 Dungeon Crawl Stone Soup version 0.29.1-13-g9f3cf754e1 (webtiles) character file.

Game seed: 16815661266693184401

155 Revguard the Slasher (level 5, 0/41 HPs)
             Began as a Barachi Gladiator on Jan 17, 2023.
             Slain by Pikel
             ... wielding a +1 whip of freezing
              (4 damage)
             ... on level 4 of the Dungeon on Feb 2, 2023.
             The game lasted 00:11:32 (3368 turns).

Revguard the Slasher (Barachi Gladiator)            Turns: 3368, Time: 00:11:33

Health: 0/41       AC: 15    Str: 12 (15) XL:     5   Next: 37%
Magic:  6/6        EV:  3    Int:  7 (8)  God:
Gold:   198        SH:  0    Dex: 15 (16) Spells: 4/4 levels left

rFire   . . .      SeeInvis .   a - +1 long sword
rCold   . . .      Faith    .   (no shield)
rNeg    . . .      Spirit   .   v - +1 plate armour
rPois   .          Reflect  .   c - +0 helmet
rElec   .          Harm     .   (no cloak)
rCorr   .          Rampage  .   (no gloves)
Will    +....                   (no boots)
Stlth   ..........              (no amulet)
HPRegen 0.13/turn               (no ring)
MPRegen 0.10/turn               (no ring)

@: invisible, slow
A: amphibious, slowness 1, strong legs 1, +LOS, iridescent scales 1,
strong-willed 1
a: Hop


You were on level 4 of the Dungeon.
You visited 1 branch of the dungeon, and saw 4 of its levels.

You collected 198 gold pieces.

Inventory:

Hand Weapons
 a - a +1 long sword (weapon)
Missiles
 e - a javelin (quivered)
Armour
 c - a +0 helmet (worn)
 v - a +1 plate armour (worn)
Scrolls
 b - a scroll of fear {unknown}
 i - a scroll of vulnerability
 j - a scroll of enchant armour
Potions
 f - a potion of curing
 g - a potion of cancellation
 r - 2 potions of mutation


   Skills:
 + Level 3.4 Fighting
 + Level 4.3 Long Blades
 - Level 2.0 Throwing
 + Level 2.2 Armour
 + Level 3.9 Dodging
 + Level 1.6 Invocations
 + Level 1.8 Evocations


You had 4 spell levels left.
You didn't know any spells.
Your spell library contained the following spells:

 Spells                   Type           Power      Damage    Failure   Level
 Magic Dart               Conj           0%         1d3       100%        1
 Call Imp                 Summ           0%         N/A       100%        2
 Call Canine Familiar     Summ           0%         N/A       100%        3
 Mephitic Cloud           Conj/Pois/Air  0%         N/A       100%        3
 Portal Projectile        Hex/Tloc       0%         N/A       100%        3
 Tukima's Dance           Hex            0%         N/A       100%        3
 Leda's Liquefaction      Hex/Erth       0%         N/A       100%        4
 Blade Hands              Tmut           0%         N/A       100%        5


Dungeon Overview and Level Annotations

Branches:
Dungeon (4/15)
 Temple: D:4-7

Altars:
Xom
Zin

Annotations:
D:4 Ijyb, Pikel


Innate Abilities, Weirdness & Mutations

You are amphibious.
You cover ground slowly.
You can hop short distances.
You have an extended range of vision and can be seen from far away.
You are partially covered in iridescent scales. (AC +2)
You are strong-willed. (Will+)


Message History

Pikel is severely wounded.
The lemure shouts!
Pikel struggles against the net.
The net rips apart, and Pikel comes free!
Throw: 2 throwing nets
Press: ? - help, Q - select action, (/) - cycle Shift-Dir - straight line, f/p - Pikel
Aim: Pikel, wielding a +1 whip of freezing and wearing a +0 robe (severely wounded, unable to see you, 53% to hit)
You throw a throwing net. The throwing net barely misses Pikel.
The throwing net hits the lemure.
The lemure is caught in the net!
Ijyb screams, "Level is mine!
All mine!"
Pikel hits you but does no damage.
The lemure struggles against the net.
Throw: throwing net
Press: ? - help, Q - select action, (/) - cycle Shift-Dir - straight line, f/p - Pikel
Aim: Pikel, wielding a +1 whip of freezing and wearing a +0 robe (severely wounded, unable to see you, 53% to hit)
You throw a throwing net. The throwing net hits Pikel.
Pikel is caught in the net!
Pikel is severely wounded.
The lemure struggles against the net.
Pikel struggles against the net.
You hit Pikel.
Pikel is severely wounded.
Pikel struggles against the net.
The lemure struggles against the net.
You completely miss Pikel.
Pikel is severely wounded.
Pikel struggles against the net.
The lemure struggles against the net. x2
Pikel struggles against the net.
You hit Pikel.
Pikel is almost dead.
The lemure struggles against the net.
Pikel struggles against the net.
The endoplasm jiggles.
You hit Pikel.
Pikel is almost dead.
Pikel struggles against the net.
The net rips apart, and Pikel comes free!
The lemure struggles against the net.
The net rips apart, and the lemure comes free!
You closely miss Pikel.
Pikel is almost dead.
Pikel hits you with a +1 whip of freezing.
You die...

#.......... ##
#........#####....
#........#.....S..
##.......().#
#.........###
####.#.......#
#....#...5...#
#.#..###JS####
#..#..@K5#.#
#.#.#####.##
#.##.# # #.### #.#
#<#.# ...
#.####.###.###
#.#####........<#
#..............##
#######.###>##.#
#.# #.##.#


You could see Pikel (unable to see you), 2 lemures, an endoplasm and a ball
python (unable to see you).

Vanquished Creatures
  An iguana (D:4)
  6 adders
  2 worms
  A dart slug (D:1)
  3 endoplasms
  4 giant cockroaches
  8 hobgoblins
  6 ball pythons
  11 bats
  6 frilled lizards
  12 goblins
  7 kobolds
  3 rats
70 creatures vanquished.

Notes
Turn   | Place    | Note
-------+----------+-------------------------------------------
     0 | D:1      | Revguard the Barachi Gladiator began the quest for the Orb.
     0 | D:1      | Reached XP level 1. HP: 17/17 MP: 1/1
   309 | D:1      | Reached XP level 2. HP: 23/23 MP: 2/2
   402 | D:1      | You fall into a shaft and drop 1 floor!
   903 | D:1      | Reached XP level 3. HP: 28/28 MP: 3/3
   908 | D:1      | Reached skill level 1 in Armour
   908 | D:1      | Reached skill level 1 in Evocations
  1386 | D:2      | Reached skill level 4 in Long Blades
  1386 | D:2      | Reached skill level 1 in Invocations
  1516 | D:2      | Upgraded the game from 0.29.1-12-g30fa7ad0bf to
                  | 0.29.1-13-g9f3cf754e1
  1721 | D:2      | Reached XP level 4. HP: 26/35 MP: 4/4
  2591 | D:3      | Found a faded altar of an unknown god.
  2650 | D:3      | Noticed an angel
  2659 | D:3      | Found a shimmering altar of Xom.
  2660 | D:3      | Found a glowing silver altar of Zin.
  2819 | D:3      | Reached XP level 5. HP: 41/41 MP: 6/6
  3165 | D:3      | Gained mutation: You are strong-willed. (Will+) [potion of
                  | mutation]
  3165 | D:3      | Gained mutation: You are partially covered in iridescent
                  | scales. (AC +2) [potion of mutation]
  3340 | D:4      | Noticed a lemure
  3343 | D:4      | Noticed Pikel
  3344 | D:4      | Noticed Ijyb
  3350 | D:4      | Noticed a lemure
  3355 | D:4      | Noticed a lemure
  3356 | D:4      | Noticed a lemure
  3368 | D:4      | Slain by Pikel

Illustrated notes

Levels and vault maps discovered:
D:1:      dpeg_arrival_morbid_curiosity, layout_basic, st_stairs_10
D:2:      layout_loops_cross
D:3:      layout_loops_ring, grunt_temple_overflow_order_and_chaos_1,
          serial_aquarium, aquarium_bridge_straight [aquarium_subvault_bridge,
          aquarium_subvault_wall, aquarium_subvault_bridge,
          aquarium_subvault_window], aquarium_bridge_island_small
          [aquarium_subvault_small_open, aquarium_subvault_bridge,
          aquarium_subvault_bridge, aquarium_subvault_window,
          aquarium_subvault_wall], aquarium_window_2,
          aquarium_window_corridor_3, aquarium_window_1, aquarium_view_2d,
          aquarium_view_2c, aquarium_pool_2, nicolae_ecumenical_lake_church,
          kennysheep_decorative_pillar
D:4:      layout_loops_ring, minmay_temple_entry_statues_fountains,
          gup_ossuary_entry_pyramid, uniq_ijyb, uniq_pikel

Skill      XL: |  1  2  3  4 |
---------------+-------------+-----
Armour         | 1 2 |  2.2
Evocations     | 1 |  1.8
Long Blades    | 4 |  4.3
Invocations    | 1 |  1.6
Fighting       | 3 |  3.4
Throwing       | |  2.0
Dodging        | |  3.9

Action                   |  1- 3 |  4- 6 || total
-------------------------+-------+-------++-------
Melee: Long sword        |    91 |    95 ||   186
       Punch             |       |     1 ||     1
Throw: Throwing net      |       |     3 ||     3
  Use: Scroll            |       |     8 ||     8
       Potion            |       |     8 ||     8
 Stab: Held in net/web   |       |     2 ||     2
Armor: Leather armour    |    48 |    10 ||    58
       Ring mail         |       |     4 ||     4
       Plate armour      |       |    17 ||    17
Dodge: Dodged            |    99 |    54 ||   153
